 Dungeon Crawl Stone Soup version 0.25-a0-591-g2ad0d861f1 (webtiles) character file.

Game seed: 17879431296130459849, levelgen mode: deterministic

636 stank58 the Shield-Bearer (level 7, -1/61 HPs)
             Began as a Minotaur Fighter on Mar 13, 2020.
             Slain by a sky beast (5 damage)
             ... on level 5 of the Dungeon on Nov 10, 2020.
             The game lasted 00:23:16 (2894 turns).

stank58 the Shield-Bearer (Minotaur Fighter)        Turns: 2894, Time: 00:23:16

Health: -1/61      AC:  8    Str: 23    XL:     7   Next: 25%
Magic:  6/6        EV:  9    Int:  5    God:
Gold:   261        SH: 10    Dex:  9    Spells: 6/6 levels left

rFire    . . .     SeeInvis .   a - +0 long sword
rCold    . . .     Gourm    .   c - +0 kite shield
rNeg     . . .     Faith    .   b - +1 scale mail
rPois    .         Spirit   .   (helmet restricted)
rElec    .         Reflect  .   (no cloak)
rCorr    .         Harm     .   (no gloves)
MR       .....                  (no boots)
Stlth    ..........             (no amulet)
HPRegen  0.20/turn              m - ring of wizardry
MPRegen  0.10/turn              (no ring)

@: no status effects
A: retaliatory headbutt, horns 2
a: no special abilities


You were on level 5 of the Dungeon.
You were not hungry.

You visited 1 branch of the dungeon, and saw 5 of its levels.

You collected 261 gold pieces.

Inventory:

Hand Weapons
 a - a +0 long sword (weapon)
Armour
 b - a +1 scale mail (worn)
 c - a +0 kite shield (worn)
Jewellery
 k - a +4 ring of protection
 m - a ring of wizardry (left hand)
 q - an uncursed ring of ice {unknown}
Scrolls
 i - 2 scrolls of identify
 j - a scroll of immolation
 n - a scroll of teleportation {unknown}
 o - a scroll of amnesia {unknown}
Potions
 d - a potion of might
 e - 2 potions of lignification
 g - a potion of haste {unknown}
 h - 2 potions of curing
 l - 2 potions of stabbing {unknown}
 p - a potion of ambrosia {unknown}
Comestibles
 f - 3 rations


   Skills:
 * Level 5.0 Fighting
 * Level 5.8 Long Blades
 * Level 5.6 Armour
 * Level 2.0 Dodging
 * Level 6.0 Shields


You had 6 spell levels left.
You didn't know any spells.
Your spell library was empty.

Dungeon Overview and Level Annotations

Branches:
Dungeon (5/15)             Temple (0/1) D:4

Altars:
Fedhas


Innate Abilities, Weirdness & Mutations

You reflexively headbutt those who attack you in melee.
You have a pair of horns on your head.


Message History

You block the sky beast's attack. You block the sky beast's attack.
You block the sky beast's attack. The sky beast closely misses you.
You furiously retaliate!
You headbutt the sky beast. You block the sky beast's attack.
The sky beast flickers out of sight!
Deactivating autopickup; reactivate with Ctrl-A.
Something hits you. Something shocks you. Something hits you.
Something shocks you.
* * * LOW HITPOINT WARNING * * *
Something hits you.
* * * LOW HITPOINT WARNING * * *
Something shocks you.
* * * LOW HITPOINT WARNING * * *
Something hits you but does no damage. Something hits you.
* * * LOW HITPOINT WARNING * * *
Something shocks you.
You die...

###### #.....
########.....
#......#.....
######......#.....
#....'......'.....
#@####......#.....
#......{!.########.....
####......# #.....
#......# ######
#......# #......#
#......# ...>....


There were no monsters in sight!

Vanquished Creatures
  An ogre (D:5)
  A howler monkey (D:4)
  2 centaur zombies (D:4)
  3 hounds (D:4)
  A bullfrog skeleton (D:5)
  5 orc wizards
  2 worker ants (D:4)
  3 gnolls (D:3)
  2 adders (D:4)
  An ooze (D:1)
  2 adder skeletons
  A worm (D:2)
  2 dart slugs
  6 leopard geckos
  5 orcs
  7 bats
  4 giant cockroaches
  5 goblins
  9 hobgoblins
  10 jackals
  5 kobolds
  2 quokkas (D:4)
  5 frilled lizards
  A jackal skeleton (D:4)
  A leopard gecko skeleton (D:3)
  3 rats
89 creatures vanquished.

Notes
Turn   | Place    | Note
-------+----------+-------------------------------------------
     0 | D:1      | stank58 the Minotaur Fighter began the quest for the Orb.
     0 | D:1      | Reached XP level 1. HP: 19/19 MP: 0/0
   143 | D:1      | Reached XP level 2. HP: 24/27 MP: 1/1
   206 | D:1      | Reached skill level 4 in Shields
   367 | D:1      | Reached XP level 3. HP: 26/33 MP: 2/2
   915 | D:3      | HP: 1/33 [something (1)]
   916 | D:3      | Reached XP level 4. HP: 1/40 MP: 3/3
  1213 | D:3      | Found a blossoming altar of Fedhas.
  1475 | D:4      | Reached skill level 5 in Shields
  1475 | D:4      | Reached XP level 5. HP: 44/46 MP: 4/4
  1596 | D:4      | Reached skill level 1 in Dodging
  1645 | D:4      | Reached skill level 5 in Armour
  1645 | D:4      | Reached XP level 6. HP: 24/53 MP: 5/5
  2016 | D:4      | Reached skill level 5 in Long Blades
  2382 | D:4      | Found a staircase to the Ecumenical Temple.
  2428 | D:4      | Reached XP level 7. HP: 33/60 MP: 6/6
  2719 | D:5      | Entered Level 5 of the Dungeon
  2817 | D:5      | Reached skill level 5 in Fighting
  2817 | D:5      | Reached skill level 6 in Shields
  2894 | D:5      | Slain by a sky beast

Levels and vault maps discovered:
D:1:      dpeg_arrival_water_altar, layout_loops_ring, nrook_uturn,
          minmay_nonomino_d4
D:2:      layout_basic, led_sif_pool
D:3:      layout_loops_cross, lemuel_round_altar, first_ration,
          chequers_ecumenical_altar_lobes, serial_bayou_lagoon_a
D:4:      layout_cave_pools, minmay_temple_entry_from_below_a, serial_undead,
          serial_undead_b, serial_undead_c, serial_undead_b, serial_undead_e
D:5:      layout_basic

Skill      XL: |  1  2  3  4  5  6  7 |
---------------+----------------------+-----
Armour         | 4 5 |  5.6
Shields        | 4 5 6 |  6.0
Fighting       | 4 5 |  5.0
Long Blades    | 3 4 5 |  5.8
Dodging        | 1 2 |  2.0

Action                   |  1- 3 |  4- 6 |  7- 9 || total
-------------------------+-------+-------+-------++-------
Melee: Long sword        |   113 |   138 |    16 ||   267
       Headbutt          |    15 |    26 |       ||    41
  Use: Scroll            |     4 |     1 |       ||     5
       Potion            |     1 |       |       ||     1
  Eat: Ration            |       |     2 |       ||     2
Armor: Scale mail        |    80 |    78 |    13 ||   171
Dodge: Dodged            |    44 |    55 |     8 ||   107
Block: Kite shield       |    82 |    89 |    19 ||   190
       Rpst.: Long sword |    11 |    15 |     3 ||    29

Table legend:
 A = Non-vault XP
 B = Vault XP
 C = Vault XP percentage of total XP
 D = Non-vault monster count
 E = Vault monster count
 F = Vault count percentage of total count
                 A         B        C        D         E       F
            +---------+---------+-------+---------+---------+-------
      Total |     809 |     100 |  11.0 |      84 |       5 |   5.6
            +---------+---------+-------+---------+---------+-------
        D:1 |      38 |       6 |  13.6 |      19 |       3 |  13.6
        D:2 |      34 |       0 |   0.0 |      16 |       0 |   0.0
        D:3 |     112 |       0 |   0.0 |      21 |       0 |   0.0
        D:4 |     467 |      94 |  16.8 |      25 |       2 |   7.4
        D:5 |     158 |       0 |   0.0 |       3 |       0 |   0.0
            +---------+---------+-------+---------+---------+-------
